 Dungeon Crawl Stone Soup version 0.28.0-45-g0d030f2227 (webtiles) character file.

Game seed: 1348311154370812684

0 DuloT34 the Ruffian (level 1, -1/18 HPs)
             Began as a Naga Transmuter on Apr 13, 2022.
             Slain by a goblin
             ... wielding a +0 club
              (4 damage)
             ... on level 1 of the Dungeon.
             The game lasted 00:00:22 (31 turns).

DuloT34 the Ruffian (Naga Transmuter)                 Turns: 31, Time: 00:00:23

Health: -1/18      AC:  1    Str: 12    XL:     1   Next: 10%
Magic:  2/3        EV:  9    Int: 13    God:
Gold:   0          SH:  0    Dex: 11    Spells: 3/4 levels left

rFire   . . .      SeeInvis +     - Unarmed
rCold   . . .      Faith    .   (no shield)
rNeg    . . .      Spirit   .   a - +0 robe
rPois   +          Reflect  .   (helmet currently unavailable)
rElec   .          Harm     .   (no cloak)
rCorr   .          Rampage  .   (no gloves)
Will    .....                   (no barding)
Stlth   +.........              (no amulet)
HPRegen 0.06/turn               (no ring)
MPRegen 0.08/turn               (no ring)

@: appendages (expiring), very slow
A: horns 2, AC +0, large, see invisible, deformed body, poison resistance,
slowness 2, spit poison 1, naga tail 1
a: Spit Poison, End Transformation


You were on level 1 of the Dungeon.
You had temporarily grown beastly horns.
You visited 1 branch of the dungeon, and saw 1 of its levels.

Inventory:

Armour
 a - a +0 robe (worn)


   Skills:
 - Level 1.0 Fighting
 + Level 1.6 Dodging
 + Level 3.0 Unarmed Combat
 - Level 2.0 Spellcasting
 - Level 2.0 Transmutations


You had 3 spell levels left.
You knew the following spells:

 Your Spells              Type           Power      Damage    Failure   Level
a - Beastly Appendage     Tmut           12%        N/A       11%         1

Your spell library contained the following spells:

 Spells                   Type           Power      Damage    Failure   Level
 Wereblood                Tmut           6%         N/A       17%         2
 Sublimation of Blood     Necr           1%         N/A       36%         2
 Spider Form              Tmut/Pois      3%         N/A       45%         3
 Ice Form                 Ice/Tmut       3%         N/A       86%         4
 Petrify                  Tmut/Erth      3%         N/A       86%         4
 Irradiate                Conj/Tmut      1%         3d14      99%         5


Dungeon Overview and Level Annotations

Branches:
Dungeon (1/15)

Altars:


Innate Abilities, Weirdness & Mutations

You have temporarily grown beastly horns.
Your serpentine skin is tough. (AC +0)
You have supernaturally acute eyesight. (SInv)
Armour fits poorly on your strangely shaped body.
Your system is resistant to poisons. (rPois)
You cover ground very slowly.
You can spit poison.
You have a snake-like lower body.


Message History

Welcome, DuloT34 the Naga Transmuter.
You feel drawn to the Orb of Zot, downwards into the unfathomable depths...
Press ? for a list of commands and other information.
Found a book of Alchemy.
Found a staircase leading out of the dungeon.
You pick up a book of Alchemy and begin reading...
You add the spells Sublimation of Blood, Petrify and Irradiate to your library.
There is an empty arch of ancient stone here.
A goblin comes into view. It is wielding a +0 club.
The goblin shouts!
A ball python comes into view.
The goblin closely misses you.
You hit the goblin.
The goblin is moderately wounded.
The goblin misses you.
You completely miss the goblin.
The goblin is moderately wounded.
You barely miss the goblin.
The goblin is moderately wounded.
The goblin hits you with a +0 club.
The ball python bites you but does no damage.
The goblin hits you with a +0 club. The ball python closely misses you.
There is an empty arch of ancient stone here.
You closely miss the ball python. The ball python bites you.
Aiming: Spit Poison (3% risk of failure)
Press: ? - help, Shift-Dir - straight line, f - ball python
Aim: a ball python (48% to hit)
You fail to use your ability.
The ball python bites you. x2
* * * LOW HITPOINT WARNING * * *
Casting: Beastly Appendage (safe; 11% risk of failure)
Confirm with . or Enter, or press ? or * to list all spells.
You grow a pair of large bovine horns.
The ball python bites you.
* * * LOW HITPOINT WARNING * * *
You closely miss the ball python. You headbutt the ball python.
You kill the ball python!
Your transformation is almost over.
You hit the goblin. Your headbutt misses the goblin.
The goblin is severely wounded.
The goblin hits you with a +0 club.
You die...

###............#
#...........♣..#
.......⌠......♣#
...............# .
............♣.##..
.........♣#####...
...♣.....##.......
#.......##........
#♣......@#........
#♣.♣.###g..##.#..
#### #.........
#.#.......
...........
............
.##.#..#...#. ..
#.#......# .. ..
.......


You could see a goblin.

Vanquished Creatures
  A ball python (D:1)
1 creature vanquished.

Notes
Turn   | Place    | Note
-------+----------+-------------------------------------------
     0 | D:1      | DuloT34 the Naga Transmuter began the quest for the Orb.
     0 | D:1      | Reached XP level 1. HP: 18/18 MP: 3/3
    31 | D:1      | Slain by a goblin

Illustrated notes

Levels and vault maps discovered:
D:1:      nzn_arrival_settlement, layout_basic,
          dreamdust_ecumenical_altar_sealed_demon, serial_shops,
          nicolae_shop_behind_doors, amethyst_killhole,
          kennysheep_decorative_pillar

Action                   || total
-------------------------++-------
Melee: Unarmed           ||     6
       Headbutt          ||     1
 Cast: Beastly Appendage ||     1
Armor: Robe              ||     1
Dodge: Dodged            ||     3
